 Dungeon Crawl Stone Soup version 0.28.0-1-gb440e238dd (console) character file.

Game seed: 13982208912056212952

1941 Cab the Cleaver (level 8, -2/52 HPs)
             Began as a Demonspawn Fighter on Feb 27, 2022.
             Was a Follower of Hepliaklqana.
             Slain by a water moccasin (4 damage)
             ... on level 6 of the Dungeon.
             The game lasted 00:16:38 (4757 turns).

Cab the Cleaver (Demonspawn Fighter)                Turns: 4757, Time: 00:16:39

Health: -2/52      AC:  7    Str: 24    XL:     8   Next: 98%
Magic:  8/8        EV:  9    Int: 10    God:    Hepliaklqana [*.....]
Gold:   137        SH: 10    Dex: 19    Spells: 7/7 levels left

rFire   . . .      SeeInvis .   a - +0 war axe
rCold   . . .      Faith    .   c - +0 buckler
rNeg    . . .      Spirit   .   b - +0 scale mail
rPois   .          Reflect  +   (helmet restricted)
rElec   .          Harm     .   (no cloak)
rCorr   .          Rampage  .   s - +0 pair of gloves
Will    .....                   (no boots)
Stlth   ..........              u - amulet of reflection
HPRegen 0.17/turn               e - +6 ring of dexterity
MPRegen 0.22/turn               d - +6 ring of strength

@: lethally poisoned (-2 -> -4)
A: reduced essence, horns 1, powered by death 2, magic regeneration
a: Renounce Religion, Recall Ancestor, Ancestor Identity


You were on level 6 of the Dungeon.
You worshipped Hepliaklqana.
Hepliaklqana was aware of your devotion.
You visited 1 branch of the dungeon, and saw 6 of its levels.
You also visited: Ossuary.

You collected 165 gold pieces.
You spent 28 gold pieces at shops.

Inventory:

Hand Weapons
 a - a +0 war axe (weapon)
Armour
 b - a +0 scale mail (worn)
 c - a +0 buckler (worn)
 s - a +0 pair of gloves (worn)
Jewellery
 d - a +6 ring of strength (right hand)
 e - a +6 ring of dexterity (left hand)
 u - an amulet of reflection (around neck)
 v - a ring of flight
 x - a ring of fire
Scrolls
 i - 5 scrolls of teleportation
 m - a scroll of enchant armour {unknown}
 n - a scroll of magic mapping {unknown}
Potions
 f - 2 potions of heal wounds
 g - 2 potions of invisibility
 h - 5 potions of curing
 j - 2 potions of attraction {unknown}
 k - a potion of berserk rage {unknown}
 l - a potion of cancellation {unknown}
 o - 2 potions of ambrosia
 p - a potion of degeneration {unknown}
 q - a potion of lignification {unknown}
 r - 3 potions of flight {unknown}
 t - a potion of brilliance {unknown}
 w - a potion of haste {unknown}


   Skills:
 - Level 3.0 Fighting
 + Level 10.9 Axes
 - Level 2.6 Armour
 - Level 2.6 Shields


You had 7 spell levels left.
You didn't know any spells.
Your spell library contained the following spells:

 Spells                   Type           Power      Damage    Failure   Level
 Magic Dart               Conj           0%         1d3       77%         1
 Summon Small Mammal      Summ           0%         N/A       77%         1
 Searing Ray              Conj           0%         2d4       88%         2
 Call Canine Familiar     Summ           0%         N/A       98%         3
 Summon Guardian Golem    Hex/Summ       0%         N/A       98%         3
 Tukima's Dance           Hex            0%         N/A       98%         3
 Fulminant Prism          Conj/Hex       0%         3d6       100%        4
 Passage of Golubria      Tloc           0%         N/A       100%        4
 Yara's Violent Unravell  Hex/Tmut       0%         3d3       100%        5
 Orb of Destruction       Conj           0%         9d5       100%        7
 Spellforged Servitor     Conj/Summ      0%         N/A       100%        7


Dungeon Overview and Level Annotations

Branches:
Dungeon (6/15)             Temple (0/1) D:4         Ossuary (visited)

Altars:
Hepliaklqana
Xom

Shops:
D:1 *   D:4 (   D:5 ?

Annotations:
D:5 Sigmund


Innate Abilities, Weirdness & Mutations

Your life essence is reduced to manifest your ancestor. (-10% HP)
You have a pair of small horns on your head.
You regenerate health from kills.
You regenerate magic rapidly.


Message History

There is a stone staircase leading down here.
You hear some strange, mumbled words.
You are confused.
The water moccasin bites you.
You climb downwards.
Reactivating autopickup.
The gnoll shouts!
Found a pair of gloves and 29 arrows.
There is a stone staircase leading up here.
You bump into the rock wall.
The water moccasin bites you. Something hits you.
* * * LOW HITPOINT WARNING * * *
Deactivating autopickup; reactivate with Ctrl-A.
A gnoll comes into view. It is wielding a +0 halberd.
You feel much better.
The water moccasin bites you but does no damage.
Something hits you.
The water moccasin bites you but does no damage.
You feel better.
A gnoll comes into view. It is wielding a +0 halberd.
The water moccasin bites you.
You are poisoned.
The water moccasin poisons you! Something hits you but does no damage.
You closely miss the water moccasin.
The gnoll shouts!
You headbutt the water moccasin.
The water moccasin is severely wounded.
You closely miss something.
You feel very sick.
The water moccasin bites you but does no damage.
Something hits you but does no damage. The water moccasin bites you.
You feel sick. The water moccasin bites you.
Found a trident.
You feel sick. The water moccasin barely misses you.
You feel sick.
You hit the water moccasin.
The water moccasin is almost dead.
You feel sick. You block the water moccasin's attack.
The gnoll hits you from afar with a +0 halberd!
* * * LOW HITPOINT WARNING * * *
The water moccasin bites you.
You die... ∙ ∙∙∙▒∙ ∙▒ ∙∙ ∙)∙∙∙ ∙∙▒ ∙∙∙ ∙∙∙▒∙∙∙ ∙∙∙∙ ∙∙∙▒∙∙ (∙∙∙∙

▒∙∙∙▒
∙∙∙∙∙g▒▒▒∙∙▒
▒▒
▒g∙<▒∙▒▒∙∙▒∙∙∙
▒▒∙∙gS@∙∙∙∙∙∙∙
▒∙∙∙∙∙▒▒∙∙∙▒▒∙
▒∙∙∙∙∙∙▒ ▒∙▒
▒∙∙∙▒∙∙∙▒ ▒
∙∙∙∙▒▒∙∙∙∙
▒∙∙∙∙


∙∙∙∙∙∙ ▒∙∙∙∙∙∙∙∙∙∙∙∙ ∙∙ ∙∙∙∙∙∙∙∙▒ You could see a water moccasin and 3 gnolls.

Vanquished Creatures
  A hornet zombie (Ossuary)
  An ogre (D:4)
  A centaur (D:5)
  2 scorpions (D:5)
  A wyvern zombie (Ossuary)
  2 water moccasin zombies (Ossuary)
  4 centaur zombies (Ossuary)
  3 hounds (D:4)
  An orc priest (D:3)
  A bullfrog skeleton (D:4)
  3 bullfrog zombies (Ossuary)
  10 mummies (Ossuary)
  Natasha (twice) (D:4)
  A killer bee zombie (Ossuary)
  A hound zombie (D:5)
  A howler monkey zombie (Ossuary)
  6 adders
  A shadow imp (D:5)
  A white imp (D:5)
  An adder skeleton (D:4)
  2 worms (D:2)
  A dart slug (D:3)
  4 orcs
  8 ball pythons
  3 bats
  6 endoplasms
  A giant cockroach (D:2)
  6 goblins
  3 hobgoblins
  4 jackals
  2 quokkas
  A frilled lizard (D:2)
  3 kobolds
  8 rats
96 creatures vanquished.

Vanquished Creatures (collateral kills)
  A water moccasin zombie (Ossuary)
  3 bullfrog zombies (Ossuary)
  2 centaur zombies
  A hound (D:5)
  An iguana (D:5)
  Natasha (D:4)
  A hound zombie (D:5)
  A mummy (Ossuary)
  A howler monkey zombie (Ossuary)
  A white imp (D:5)
  A goblin (D:4)
14 creatures vanquished.

Vanquished Creatures (others)
  An ancestor (D:5)
  3 withered plants (Ossuary)
4 creatures vanquished.

Grand Total: 114 creatures vanquished

Notes
Turn   | Place    | Note
-------+----------+-------------------------------------------
     0 | D:1      | Cab the Demonspawn Fighter began the quest for the Orb.
     0 | D:1      | Reached XP level 1. HP: 18/18 MP: 1/1
    11 | D:1      | Reached skill level 2 in Axes
   275 | D:1      | Gained mutation: You regenerate a little health from kills.
                  | [demonic ancestry]
   275 | D:1      | Reached XP level 2. HP: 24/24 MP: 2/2
   501 | D:1      | Found Otosyguu's Assorted Antiques.
  1117 | D:2      | Reached skill level 3 in Axes
  1377 | D:2      | Gained mutation: You regenerate health from kills. [demonic
                  | ancestry]
  1377 | D:2      | Reached XP level 3. HP: 29/29 MP: 3/3
  2165 | D:3      | Reached skill level 4 in Axes
  2165 | D:3      | Reached XP level 4. HP: 34/35 MP: 4/4
  2388 | D:3      | Found a faded altar of an unknown god.
  2544 | D:3      | Found a hazy altar of Hepliaklqana.
  2549 | D:3      | Became a worshipper of Hepliaklqana the Forgotten
  2651 | D:4      | Noticed an ogre
  2657 | D:4      | Killed an ogre
  2658 | D:4      | Reached skill level 5 in Axes
  2658 | D:4      | Gained mutation: You have a pair of small horns on your
                  | head. [demonic ancestry]
  2658 | D:4      | Reached XP level 5. HP: 8/41 MP: 5/5
  3171 | D:4      | Gained mutation: You regenerate magic rapidly. [demonic
                  | ancestry]
  3171 | D:4      | Reached XP level 6. HP: 47/47 MP: 6/6
  3297 | D:4      | Noticed Natasha
  3302 | D:4      | Killed Natasha
  3303 | D:4      | Reached skill level 6 in Axes
  3374 | D:4      | Noticed Natasha
  3382 | D:4      | Killed Natasha
  3394 | D:4      | Found a staircase to the Ecumenical Temple.
  3498 | D:4      | Reached * piety under Hepliaklqana
  3520 | D:4      | Noticed Natasha
  3526 | D:4      | Killed Natasha
  3694 | D:4      | Found Yjusykar's Weapon Shop.
  4007 | D:5      | Entered Level 5 of the Dungeon
  4038 | D:5      | Found a sand-covered staircase.
  4210 | Ossuary  | Entered an ossuary
  4222 | Ossuary  | Reached skill level 7 in Axes
  4222 | Ossuary  | Reached XP level 7. HP: 41/46 MP: 7/7
  4317 | Ossuary  | Reached skill level 8 in Axes
  4354 | Ossuary  | Reached XP level 8. HP: 30/52 MP: 8/8
  4371 | Ossuary  | Reached skill level 9 in Axes
  4555 | D:5      | Reached skill level 10 in Axes
  4572 | D:5      | Found a shimmering altar of Xom.
  4573 | D:5      | Found a shimmering altar of Xom.
  4574 | D:5      | Found a shimmering altar of Xom.
  4614 | D:5      | Found Rappezidgh's Magic Scroll Shop.
  4630 | D:5      | Bought a scroll of identify for 28 gold pieces
  4723 | D:5      | Noticed Sigmund
  4740 | D:5      | HP: 2/52 [yak (2)]
  4757 | D:6      | HP: 2/52 [gnoll (13)]
  4757 | D:6      | Slain by a water moccasin

Illustrated notes

Levels and vault maps discovered:
D:1:      dpeg_arrival_subterranean_lakeside_camping, layout_basic,
          serial_glass, glass_columns_a, glass_columns_b, due_unseen_surprise,
          minmay_strange_pillars, item_on_display_a, item_on_display_a,
          serial_shops, nicolae_lakefront_shop, patterned_corridor
D:2:      layout_loops_ring
D:3:      layout_loops_ring, worldfamousw_hep_ancestral_shrine,
          hellmonk_ecumenical_altar_pennies_from_heaven
D:4:      layout_layer_cave, minmay_temple_entry_nine_rooms, serial_shops,
          nicolae_shop_hallway_plus, minivault_24, uniq_natasha
D:5:      cheibrodos_fzero, layout_gridville, xom_redecorated, serial_shops,
          nicolae_shop_advertising_works [nicolae_subvault_shop_adworks],
          nicolae_ossuary_entry_false_entrances, due_unseen_surprise,
          uniq_sigmund
D:6:      cheibrodos_iron_armory, layout_cave_pools,
          grunt_temple_overflow_diamond, serial_gnoll_camp,
          gnoll_camp_mini_shop, gnoll_camp_mini_shop, gnoll_camp_mini_doghouse,
          gnoll_camp_mini_hut, gnoll_camp_mini_shop, gnoll_camp_medium_02,
          minmay_circle_x

Skill      XL: |  1  2  3  4  5  6  7  8 |
---------------+-------------------------+-----
Axes           | 2 3 4 5 7 8 10 | 10.9
Fighting       | |  3.0
Armour         | |  2.6
Shields        | |  2.6

Action                   |  1- 3 |  4- 6 |  7- 9 || total
-------------------------+-------+-------+-------++-------
Melee: War axe           |   114 |    88 |   157 ||   359
       Headbutt          |       |    13 |    39 ||    52
Invok: Recall Ancestor   |       |     1 |       ||     1
       Ancestor Identity |       |     1 |       ||     1
  Use: Potion            |       |     1 |     5 ||     6
       Scroll            |       |     5 |     2 ||     7
 Stab: Distracted        |       |     1 |       ||     1
Armor: Scale mail        |    59 |    37 |    64 ||   160
Dodge: Dodged            |    37 |    37 |    46 ||   120
Block: Buckler           |    24 |    31 |    55 ||   110
